 Dungeon Crawl Stone Soup version 0.30-a0-847-g17996783a1 (webtiles) character file.

Game seed: 12064193406768822965

2317 FexLirch the Scholar of Death (level 10, -11/83 HPs)
             Began as a Meteoran Necromancer on Mar 3, 2023.
             Was a Follower of Kikubaaqudgha.
             Mangled by a yak (15 damage)
             ... on level 8 of the Dungeon.
             The game lasted 00:22:17 (2114 turns).

FexLirch the Scholar of Death (MeNe)                Turns: 2114, Time: 00:22:17

Health: -11/83     AC:  3    Str: 11    XL:     10   Next: 0%
Magic:  0/18       EV: 15    Int: 20    God:    Kikubaaqudgha [*.....]
Gold:   262        SH:  0    Dex: 15    Spells: 4/19 levels left

rFire   . . .      SeeInvis .    o - +3 hand axe (flame)
rCold   . . .      Faith    .    (no shield)
rNeg    . . .      Spirit   .    E - +0 leather armour
rPois   .          Reflect  .    (no helmet)
rElec   .          Rampage  .    (no cloak)
rCorr   .                        (no gloves)
Will    ++...                    (no boots)
Stlth   +                        q - amulet of regeneration
HPRegen 1.13/turn                n - ring of willpower
MPRegen 0.16/turn                t - ring of wizardry

@: animating dead, glowing
A: sense surroundings 2, otherworldly, glowing, explore regen
a: Renounce Religion, Unearth Wretches


You were on level 8 of the Dungeon.
You worshipped Kikubaaqudgha.
Kikubaaqudgha was aware of your devotion.
You visited 2 branches of the dungeon, and saw 9 of its levels.

You collected 262 gold pieces.

Inventory:

Hand Weapons
 e - a +0 dagger
 i - a +0 spear
 o - a +3 hand axe of flaming (weapon)
 x - a +0 heavy shortbow
 L - a +0 glaive
Missiles
 d - 6 poisoned darts
 p - 25 stones
 A - 3 boomerangs
 C - 2 throwing nets
Armour
 a - a +0 robe
 s - a +0 ring mail
 E - a +0 leather armour (worn)
Jewellery
 n - a ring of willpower (left hand)
 q - an amulet of regeneration (around neck)
 t - a ring of wizardry (right hand)
 w - a ring of protection from fire
 D - a ring of resist corrosion
 I - a ring of protection from cold
Wands
 z - a wand of paralysis (4)
 H - a wand of roots (3)
Scrolls
 g - a scroll of fear
 l - 4 scrolls of identify {unknown}
 m - a scroll of immolation {unknown}
 u - a scroll of enchant armour {unknown}
 y - a scroll of summoning {unknown}
 B - a scroll of brand weapon {unknown}
 F - 2 scrolls of teleportation {unknown}
 G - 3 scrolls of silence {unknown}
 K - a scroll of noise {unknown}
Potions
 b - 2 potions of magic
 c - a potion of might {unknown}
 f - a potion of ambrosia {unknown}
 h - a potion of resistance {unknown}
 j - 3 potions of brilliance {unknown}
 k - 4 potions of curing
 r - a potion of lignification {unknown}
 v - a potion of berserk rage {unknown}
 J - a potion of invisibility {unknown}


   Skills:
 + Level 6.2 Fighting
 + Level 7.4 Dodging
 - Level 1.4 Stealth
 + Level 5.1 Spellcasting
 * Level 10.1 Necromancy


You had 4 spell levels left.
You knew the following spells:

 Your Spells              Type           Power      Damage    Failure   Level
a - Necrotise             Necr           100%       1d9       1%          1
b - Vampiric Draining     Necr           45%        2d9       1%          3
c - Animate Dead          Necr           45%        N/A       1%          4
d - Sublimation of Blood  Necr           45%        N/A       1%          2
e - Agony                 Necr           45%        N/A       2%          5

Your spell library contained the following spells:

 Spells                   Type           Power      Damage    Failure   Level
 Cigotuvi's Dreadful Rot  Necr/Pois/Air  36%        N/A       2%          2
 Dazzling Flash           Conj/Hex       10%        N/A       17%         3
 Summon Lightning Spire   Summ/Air       5%         N/A       50%         4
 Silence                  Hex/Air        2%         N/A       82%         5
 Storm Form               Tmut/Air       2%         N/A       100%        7
 Maxwell's Capacitive Co  Air            2%         ∞         100%        8


Dungeon Overview and Level Annotations

Branches:
Dungeon (8/15) Zot: 2652   Temple (1/1) D:5 Zot: 589    Lair (0/5) D:8

Altars:
Ashenzari
Cheibriados
Dithmenos
Elyvilon
Gozag
Hepliaklqana
Kikubaaqudgha
Nemelex Xobeh
Okawaru
Ru
Trog
Vehumet
Wu Jian
Yredelemnul
Zin

Shops:
D:1 !   D:5 *   D:6 =


Innate Abilities, Weirdness & Mutations

You passively map the area around you.
You are easily found by Zot.
You glow in the dark.
You regain HP and MP as you explore.


Message History

The howler monkey hoots and howls with incredible vigour!
The yak gores you!
You hit the yak. You burn the yak.
The yak is moderately wounded.
The yak misses you. The yak gores you!
You slash the yak! You burn the yak.
The yak is heavily wounded.
The yak barely misses you.
You hit the yak but do no damage.
The yak is heavily wounded.
The yak gores you!
Casting: Animate Dead (dangerous; 1% risk of failure)
Confirm with . or Enter, or press ? or * to list all spells.
Aiming: Vampiric Draining (safe; 1% risk of failure)
Press: ? - help, Shift-Dir - straight line, f/p - yak
Aim: a yak (heavily wounded)
You draw life force from the yak!
You feel life coursing into your body. The yak gores you! x2
* * * LOW HITPOINT WARNING * * *
Casting: Vampiric Draining (safe; 1% risk of failure)
Confirm with . or Enter, or press ? or * to list all spells.
Aiming: Vampiric Draining (safe; 1% risk of failure)
Press: ? - help, Shift-Dir - straight line, f/p - yak
Aim: a yak (almost dead)
You draw life force from the yak!
You kill the yak!
Kikubaaqudgha accepts your kill.
You feel life coursing into your body. The yak gores you!
* * * LOW HITPOINT WARNING * * *
You have reached level 10!
The yak attacks as you move away! The yak misses you.
Okay, then.
Unknown command.
As you read the scroll of fear, it crumbles to dust.
You assume a fearsome visage.
The yak easily resists.
The yak looks frightened!
The howler monkey looks frightened!
The yak gores you!
* * * LOW HITPOINT WARNING * * *
The yak attacks as you move away! The yak gores you!
You die...
Kikubaaqudgha rasps: "You have failed me!
Welcome... death!"

,, * #.# ##8.....8##..... ,
,, # #.# ##.....###+###+ ,,
.[###h##)#####.##8.8## ,
,.....YYZ........##+## #..##.
,
..######.Y..........$,,#..##.
,, , , ########........
#..##. ,,, * ....., #Y#.#####
*#..##. * * ......##'#...#
#..##. *,
.......@Y.h#.######..##. *
[..........#......#..##. *, ,
*##........##......#..##.
#...................... * * *
#........###.....#..... ,*
#........# #.....#.###. *
#........# #.....#.# #. * *
#........# #######.###. ,
#........# #.....


You could see 2 yaks and a howler monkey (fleeing).

Vanquished Creatures
  A hornet (D:8)
  2 yaks (D:8)
  2 water moccasins
  2 orc warriors
  2 sky beasts
  A bullfrog (D:7)
  A scorpion (D:6)
  3 killer bees (D:7)
  4 howler monkeys
  5 hounds
  2 orc priests
  Ijyb (D:6)
  5 iguanas
  5 orc wizards
  4 white imps
  2 ufetubi
  2 worms
  2 dart slugs (D:1)
  9 orcs
  5 bats
  5 endoplasms
  2 giant cockroaches (D:1)
  2 goblins (D:1)
  3 hobgoblins
  4 jackals
  A quokka (D:3)
  3 ball pythons (D:2)
  2 frilled lizards
  2 kobolds (D:1)
  2 rats
86 creatures vanquished.

Vanquished Creatures (collateral kills)
  A centaur (D:6)
  2 scorpions (D:6)
  A killer bee (D:7)
  An orc wizard (D:8)
  5 orcs
  2 goblins
  A hobgoblin (D:3)
  A jackal (D:2)
14 creatures vanquished.

Vanquished Creatures (others)
  2 killer bee zombies (D:7)
  A sky beast zombie (D:8)
  A hound zombie (D:6)
  2 howler monkey zombies (D:7)
  A jackal zombie (D:6)
  6 orc zombies
  3 plants (D:7)
16 creatures vanquished.

Grand Total: 116 creatures vanquished

Notes
Turn   | Place    | Note
-------+----------+-------------------------------------------
     0 | D:1      | FexLirch the Meteoran Necromancer began the quest for the
                  | Orb.
     0 | D:1      | Reached XP level 1. HP: 14/14 MP: 5/5
    57 | D:1      | Found Vounen's Distillery.
    71 | D:1      | Reached XP level 2. HP: 16/22 MP: 0/6
   186 | D:1      | Reached skill level 1 in Fighting
   197 | D:1      | Reached XP level 3. HP: 15/28 MP: 4/8
   390 | D:1      | Reached skill level 5 in Necromancy
   408 | D:2      | Found a faded altar of an unknown god.
   534 | D:2      | Reached XP level 4. HP: 35/35 MP: 5/9
   581 | D:3      | Found a snail-covered altar of Cheibriados.
   662 | D:3      | Learned a level 3 spell: Vampiric Draining
   667 | D:3      | Learned a level 4 spell: Animate Dead
   803 | D:4      | Reached XP level 5. HP: 41/41 MP: 6/10
   897 | D:5      | Entered Level 5 of the Dungeon
   954 | D:5      | Reached XP level 6. HP: 18/50 MP: 0/11
   968 | D:6      | Noticed a sky beast
   977 | D:6      | Reached skill level 6 in Necromancy
   981 | D:6      | Killed a sky beast
  1043 | D:6      | Reached XP level 7. HP: 47/57 MP: 5/12
  1119 | D:6      | Noticed a water moccasin
  1128 | D:6      | Killed a water moccasin
  1129 | D:6      | Reached skill level 7 in Necromancy
  1244 | D:6      | Reached skill level 5 in Dodging
  1251 | D:6      | Found Miom's Jewellery Shoppe.
  1263 | D:6      | Reached XP level 8. HP: 58/66 MP: 7/13
  1343 | D:6      | Found a sparkling altar of Nemelex Xobeh.
  1375 | D:5      | Noticed Ijyb
  1389 | D:6      | Killed Ijyb
  1399 | D:5      | Reached skill level 8 in Necromancy
  1437 | D:5      | Found Nihotit's Fire Supplies.
  1463 | D:5      | Noticed a shadow
  1464 | D:5      | Found a shadowy altar of Dithmenos.
  1465 | D:5      | Found a hazy altar of Hepliaklqana.
  1530 | D:5      | Found a staircase to the Ecumenical Temple.
  1561 | Temple   | Entered the Ecumenical Temple
  1566 | Temple   | Became a worshipper of Kikubaaqudgha
  1650 | D:7      | Reached skill level 5 in Fighting
  1652 | D:7      | Gained mutation: You passively map the area around you.
                  | [Meteoran growth]
  1652 | D:7      | Reached XP level 9. HP: 48/74 MP: 0/15
  1737 | D:8      | Noticed a hornet
  1757 | D:8      | Paralysed by a hornet for 1 turns
  1761 | D:8      | HP: 3/74 [hornet (15)]
  1762 | D:8      | Killed a hornet
  1763 | D:8      | Reached skill level 9 in Necromancy
  1921 | D:7      | Reached * piety under Kikubaaqudgha
  1921 | D:7      | Received a gift from Kikubaaqudgha
  1935 | D:7      | Learned a level 2 spell: Sublimation of Blood
  1941 | D:7      | Learned a level 5 spell: Agony
  2082 | D:8      | Reached skill level 10 in Necromancy
  2091 | D:8      | Reached skill level 5 in Spellcasting
  2112 | D:8      | Reached XP level 10. HP: 15/83 MP: 0/18
  2113 | D:8      | HP: 4/83 [yak (13)]
  2114 | D:8      | Mangled by a yak

Illustrated notes

Levels and vault maps discovered:
D:1:      nicolae_arrival_memento_mori, layout_loops_ring, serial_shops,
          nicolae_diamond_shop
D:2:      layout_basic, dreamdust_ecumenical_altar_angels_and_demons,
          uniq_jessica
D:3:      layout_basic, amcnicky_altar_gilded, dk_vineyard_3
D:4:      layout_gridville, old_standard_altar, uniq_blork_the_orc
D:5:      layout_rooms, riverfiend_overflow_shadow_ancestor,
          kennysheep_orc_sif_temple, lemuel_tele_altar,
          minmay_temple_entry_overgrown, nicolae_shop_fire_sale
          [nicolae_sub_dead_trees], uniq_ijyb
D:6:      layout_basic, mainiacjoe_overflow_alcove_2, serial_shops,
          nicolae_shop_crystal
D:7:      nzn_winding_woodlands_large [nzn_winding_woodlands_5x5_closed_star,
          nzn_winding_woodlands_5x15_pathside_ponds,
          nzn_winding_woodlands_5x5_cross,
          nzn_winding_woodlands_center_triple_pond,
          nzn_winding_woodlands_15x15_eel_pit,
          nzn_winding_woodlands_center_garden,
          nzn_winding_woodlands_5x5_perimeter,
          nzn_winding_woodlands_5x15_crooked, nzn_winding_woodlands_hourglass],
          layout_loops_ring, nicolae_uskayaw_en_pointe, xom_teletrap_fun
D:8:      layout_basic, david_lair_shrubbed, serial_shops, kennysheep_mini,
          dk_noncrumbling_4
Temple:   minmay_freezing_vapour_temple

Skill      XL: |  1  2  3  4  5  6  7  8  9 |
---------------+----------------------------+-----
Fighting       | 1 2 3 4 5 6 |  6.2
Dodging        | 3 4 5 6 7 |  7.4
Necromancy     | 5 6 7 8 10 | 10.1
Spellcasting   | 3 5 |  5.1
Stealth        | |  1.4

Action                     |  1- 3 |  4- 6 |  7- 9 | 10-12 || total
---------------------------+-------+-------+-------+-------++-------
  Melee: Unarmed           |    23 |       |       |       ||    23
         Dagger            |     6 |       |       |       ||     6
         Spear             |     3 |    15 |    23 |       ||    41
         Punch             |       |     2 |     3 |       ||     5
         Hand axe          |       |       |    98 |       ||    98
         Glaive            |       |       |     9 |       ||     9
  Throw: Dart              |       |       |     4 |       ||     4
         Stone             |       |       |     3 |       ||     3
   Cast: Necrotise         |    53 |    30 |   114 |       ||   197
         Vampiric Draining |       |     4 |    16 |       ||    20
         Animate Dead      |       |     2 |     7 |       ||     9
  Evoke: Wand              |       |       |     2 |       ||     2
    Use: Scroll            |       |     2 |     1 |     1 ||     4
         Potion            |       |       |     2 |       ||     2
   Stab: Paralysed         |       |       |     4 |       ||     4
 Armour: Robe              |    26 |     7 |     2 |       ||    35
         Leather armour    |       |       |    34 |       ||    34
  Dodge: Dodged            |    29 |    14 |   153 |     1 ||   197

Table legend: (Time is in decaauts)
 A = Elapsed time spent in this place.
 B = Non-inter-level travel time spent in this place.
 C = Inter-level travel time spent in this place.
 D = Time resting spent in this place.
 E = Time spent auto-exploring this place.
 F = Levels seen in this place.
 G = Mean time per level.
                   A        B        C        D        E       F      G
               +--------+--------+--------+--------+--------+-----+--------+
         Total |   2157 |   2088 |     69 |      0 |      5 |   9 |  239.7 |
       Dungeon |   2147 |   2082 |     65 |      0 |      5 |   8 |  268.4 |
        Temple |     10 |      6 |      4 |      0 |      0 |   1 |   10.0 |
               +--------+--------+--------+--------+--------+-----+--------+

Top non-repeatable levels by time:
     D:6: 439 daAuts
     D:8: 328 daAuts
     D:1: 306 daAuts
     D:3: 294 daAuts
     D:5: 258 daAuts
     D:7: 224 daAuts
     D:2: 194 daAuts
     D:4: 101 daAuts
  Temple: 10 daAuts
